 Dungeon Crawl Stone Soup version 0.24-a0-203-gf0bc1e9 (webtiles) character file.

Game seed: 2382100994497653070

59910 Borgoz the Nimble (level 14, -7/108 HPs)
             Began as a Demonspawn Gladiator on Mar 27, 2019.
             Was a High Priest of Ashenzari.
             Mangled by a death knight
             ... wielding a +3 battleaxe
              (13 damage)
             ... on level 11 of the Dungeon.
             The game lasted 01:08:46 (26015 turns).

Borgoz the Nimble (Demonspawn Gladiator)           Turns: 26015, Time: 01:08:46

Health: -7/108     AC: 32    Str: 29    XL:     14   Next: 54%
Magic:  0/21       EV: 15    Int:  9    God:    Ashenzari [*****.]
Gold:   1228       SH:  0    Dex: 27    Spells: 20/23 levels left

rFire    + . .     SeeInvis +   l - +3 dagger (drain) (curse)
rCold    + . .     Gourm    .   (no shield)
rNeg     . . .     Faith    .   w - +0 crystal plate armour (curse)
rPois    .         Spirit   +   c - +1 helmet
rElec    .         Reflect  .   y - +2 cloak
rCorr    .         Harm     .   q - +0 pair of gloves
MR       .....     Clarity  +   F - +2 pair of boots
Stlth    ..........             b - amulet of guardian spirit (curse)
HPRegen  0.28/turn              R - ring of the Rose {rF+ Dex+4}
MPRegen  0.17/turn              D - ring of Miwkaho {Str+6 Stlth+} (curse)

@: mighty, vulnerable, very slightly contaminated, slowed, invisible, very slow
A: talons 2, thin skeletal structure 3, cold resistance 1, demonic guardian 1,
mutation resistance 1, sense surroundings 1, freezing cloud immunity
a: Curse Item, Scrying, Transfer Knowledge, Renounce Religion


You were on level 11 of the Dungeon.
You worshipped Ashenzari.
Ashenzari was extremely pleased with you.
You were not hungry.

You visited 3 branches of the dungeon, and saw 18 of its levels.
You also visited: Gauntlet.

You collected 1228 gold pieces.

Inventory:

Hand Weapons
 g - a +2 dagger of flaming
 l - a cursed +3 dagger of draining (weapon)
 n - a cursed +2 quick blade
 J - a +0 rapier of protection
Missiles
 A - 5 tomahawks (quivered)
 C - 21 javelins
Armour
 c - a +1 helmet (worn)
 q - a +0 pair of gloves (worn)
 w - a cursed +0 crystal plate armour (worn)
 y - a +2 cloak (worn)
 F - a +2 pair of boots (worn)
 T - a +0 chain mail of fire resistance
Jewellery
 b - a cursed amulet of guardian spirit (around neck)
 m - an uncursed ring of resist corrosion
 t - an uncursed ring of protection from fire
 D - the cursed ring of Miwkaho (right hand) {Str+6 Stlth+}
   (You found it on level 4 of the Dungeon)

   [ring of stealth]

   It affects your strength (+6).
   It makes you more stealthy.
   It has a curse placed upon it.
 K - an uncursed ring of protection from magic
 R - the ring of the Rose (left hand) {rF+ Dex+4}
   (You found it on level 9 of the Dungeon)

   [ring of protection from fire]

   It affects your dexterity (+4).
   It protects you from fire.
 S - the ring of Ypethrosi {Fire rElec Str-2 Dex+4}
   (You found it on level 1 of the Lair of Beasts)

   [ring of fire]

   It enhances your fire magic.
   It affects your strength (-2).
   It affects your dexterity (+4).
   It protects you from fire.
   It makes you vulnerable to cold.
   It insulates you from electricity.
Wands
 o - a wand of disintegration (13)
 L - a wand of iceblast (17)
 M - a wand of scattershot (7)
 O - a wand of acid (6)
 W - a wand of enslavement (8)
Scrolls
 a - 6 scrolls of identify
 h - 2 scrolls of magic mapping
 v - 6 scrolls of teleportation
 H - a scroll of fog
 P - 8 scrolls of remove curse
Potions
 j - 5 potions of brilliance
 k - 2 potions of cancellation
 p - 3 potions of haste
 r - 4 potions of flight
 s - a potion of might
 B - 2 potions of agility
 E - a potion of resistance
 V - 2 potions of lignification
Comestibles
 f - 20 rations


   Skills:
 + Level 9.3 Fighting
 + Level 10.8(14.5) Short Blades
 - Level 5.0 Throwing
 * Level 11.5 Armour
 * Level 11.8 Dodging
 - Level 5.0 Stealth
 - Level 5.0 Spellcasting
 + Level 5.1(7.7) Charms
 + Level 6.1(8.9) Necromancy
 - Level 3.0(5.3) Evocations


You had 20 spell levels left.
You knew the following spells:

 Your Spells              Type           Power        Failure   Level  Hunger
a - Regeneration          Chrm/Necr      ###.......   52%         3    ###....

Your spell library contained the following spells:

 Spells                   Type           Power        Failure   Level  Hunger
 Infusion                 Chrm           ###.         24%         1    #......
 Song of Slaying          Chrm           ###.....     36%         2    ##.....
 Shroud of Golubria       Chrm/Tloc      #.........   86%         2    ##.....
 Ozocubu's Armour         Chrm/Ice       #.......     98%         3    ###....
 Spectral Weapon          Hex/Chrm       #.......     98%         3    ###....
 Freeze                   Ice            #...         99%         1    #......
 Throw Frost              Conj/Ice       #.....       100%        2    ##.....
 Summon Ice Beast         Ice/Summ       #.......     100%        4    #####..
 Throw Icicle             Conj/Ice       #.......     100%        4    #####..


Dungeon Overview and Level Annotations

Branches:
Dungeon (11/15)            Temple (1/1) D:7            Lair (6/6) D:9
  Swamp (0/4) Lair:4       Spider (0/4) Lair:4        Slime (0/5) Lair:5
    Orc: D:9-12

Altars:
Ashenzari
Cheibriados
Dithmenos
Elyvilon
Fedhas
Gozag
Hepliaklqana
Kikubaaqudgha
Makhleb
Nemelex Xobeh
Okawaru
Qazlal
Ru
Sif Muna
Trog
Uskayaw
Vehumet
Wu Jian
Xom
Yredelemnul
Zin
The Shining One

Shops:
D:7 %

Annotations:
D:4 1 runed translucent door, Nr616's ghost, amateur HuEE
D:7 2 transporters
D:8 1 runed translucent door, Lanoc's ghost, novice TrCK
Lair:5 exclusion: 4 oklob plants


Innate Abilities, Weirdness & Mutations

You have razor-sharp toenails.
You have an unnaturally thin skeletal structure. (Dex +6, Stealth++)
Your flesh is cold resistant. (rC+)
A weak demonic guardian rushes to your aid.
You are immune to freezing clouds.
You are somewhat resistant to further mutation.
You passively map a small area around you.


Message History

The phantasmal warrior is almost destroyed.
The wraith hits you but does no damage. The freezing wraith misses you.
The freezing wraith hits you but does no damage.
The death knight hits you but does no damage.
The phantasmal warrior hits you but does no damage.
Your ufetubus hits the freezing wraith but does no damage.
Your ufetubus closely misses the freezing wraith.
The skeletal warrior hits you but does no damage.
You hit the phantasmal warrior but do no damage.
The phantasmal warrior is almost destroyed.
The wraith misses you.
Your ufetubus closely misses the freezing wraith.
Your ufetubus hits the freezing wraith but does no damage.
The freezing wraith hits you but does no damage.
The freezing wraith closely misses you. The phantasmal warrior hits you!
* * * LOW HITPOINT WARNING * * *
You puncture the phantasmal warrior!
You destroy the phantasmal warrior!
The death knight hits you with a +3 battleaxe!
You die...

.##.....##...###..###.#
* *
..........##............
*
.........####...#####...
**** ,* .........# #...#
.##, ** * ........##
##..## *,.# , ,, , *
.........## #...#**.#
*,**,, #.........#
##...##..# ,,
#)#....##.###.....5..#..
*
#.#....##.......@W.....#
*
#.##.....###.##zpW.##.##
* ().#....#**#.###..## *
##....)## [.# #.## *, ,*
*, #...## *#...,..#* **
* * * #.## *.### ..#* *
* ##.#* .. * ... , * , #
* ...,.# *#..# ,* *,,*
.. , ....* * * , *


You could see a death knight, a skeletal warrior, a freezing wraith, a wraith
and a friendly ufetubus.

Vanquished Creatures
  Kirke (Lair:6)
  A minotaur (Gauntlet)
  8 hydras
  A merfolk avatar (Lair:6)
  A two-headed ogre (D:9)
  Urug (Lair:5)
  Nergalle (D:10)
  A sixfirhy (Gauntlet)
  2 sea snakes (Lair:6)
  A phantasmal warrior (D:11)
  2 harpies (Lair:6)
  An ugly thing (D:10)
  2 cyclopes (D:11)
  An oklob plant (Lair:3)
  A manticore (Lair:6)
  3 black mambas
  17 elephants
  15 spiny frogs
  10 komodo dragons
  5 rime drakes
  5 jumping spiders (Lair:4)
  3 trolls
  A red devil (D:11)
  2 polar bears (Lair:6)
  25 blink frogs
  A hornet (Lair:6)
  2 slime creatures (Lair:5)
  10 dream sheep
  A raiju (Gauntlet)
  6 hippogriffs
  A spriggan (D:8)
  2 centaur simulacra (Gauntlet)
  A shadow (D:11)
  4 redbacks (Lair:4)
  3 wyverns
  A vampire (D:7)
  A wraith (D:10)
  2 hogs (Lair:6)
  2 basilisks
  38 yaks
  4 vampire mosquitoes (Lair:4)
  Edmund (D:4)
  12 water moccasins
  5 porcupines
  A hydra simulacrum (Gauntlet)
  A black bear (Lair:2)
  2 orc warriors
  An ice beast (D:9)
  5 phantoms
  3 sky beasts
  2 necrophages
  6 ogres
  9 wolves (Lair:2)
  2 centaurs (D:10)
  14 crocodiles
  2 big kobolds
  16 bullfrogs
  A gnoll sergeant (D:11)
  A scorpion (D:5)
  5 killer bees (D:10)
  8 wights
  2 crimson imps (D:10)
  3 hounds
  2 bullfrog zombies
  A centaur zombie (D:7)
  6 jellies
  5 orc priests
  3 bullfrog skeletons
  3 centaur skeletons
  4 orc wizards
  Crazy Yiuf (D:2)
  5 iguanas
  7 worker ants
  3 hound skeletons
  A howler monkey skeleton (D:6)
  A howler monkey zombie (D:10)
  8 gnolls
  6 adders
  A shadow imp (D:10)
  4 ufetubi (Gauntlet)
  2 worms
  6 leopard geckos
  20 orcs
  3 giant cockroaches
  7 hobgoblins
  13 jackals
  17 kobolds
  4 quokkas
  3 ball pythons
  4 bats
  7 frilled lizards
  6 goblins
  A jackal zombie (D:5)
  A quokka skeleton (D:4)
  7 rats
  3 fungi (Lair:3)
  3 plants
460 creatures vanquished.

Vanquished Creatures (collateral kills)
  Snorg (Lair:6)
  Pikel (D:8)
  An ugly thing (D:11)
  A cyclops (D:10)
  3 elephants
  2 spiny frogs
  A rime drake (Lair:3)
  A komodo dragon (Lair:6)
  Grinder (D:4)
  2 dream sheep (Lair:6)
  2 blink frogs
  A slime creature (Lair:5)
  A yak (Lair:1)
  A steam dragon (Gauntlet)
  A water moccasin (Lair:2)
  A sky beast (D:5)
  A wolf (Lair:2)
  An ogre (D:6)
  A bullfrog (Lair:1)
  A killer bee (D:8)
  An orc priest (D:10)
  3 gnolls (D:3)
  An adder (D:11)
  A worm (D:5)
  4 orcs
  A hobgoblin (D:3)
  A rat (D:3)
37 creatures vanquished.

Vanquished Creatures (others)
  A human (Lair:6)
  2 orc wizards
  An adder (D:8)
  2 bushes (Lair:6)
  2 demonic plants (Gauntlet)
  21 fungi
  27 plants
  9 withered plants (Gauntlet)
65 creatures vanquished.

Grand Total: 562 creatures vanquished

Notes
Turn   | Place    | Note
-------+----------+-------------------------------------------
     0 | D:1      | Borgoz the Demonspawn Gladiator began the quest for the
                  | Orb.
     0 | D:1      | Reached XP level 1. HP: 16/16 MP: 1/1
   289 | D:1      | Gained mutation: A weak demonic guardian rushes to your
                  | aid. [demonic ancestry]
   289 | D:1      | Reached XP level 2. HP: 19/22 MP: 2/2
  1000 | D:2      | Gained mutation: You have a somewhat thin skeletal
                  | structure. (Dex +2, Stealth) [demonic ancestry]
  1000 | D:2      | Reached XP level 3. HP: 24/27 MP: 3/3
  1389 | D:2      | Found a runed translucent door.
  1390 | D:2      | Noticed Crazy Yiuf
  1819 | D:2      | Killed Crazy Yiuf
  1819 | D:2      | Reached skill level 1 in Armour
  1819 | D:2      | Reached XP level 4. HP: 27/33 MP: 2/4
  2473 | D:4      | Got a vibrating bronze ring
  2474 | D:4      | Identified the ring of Miwkaho {Str+6 Stlth+} (You found it
                  | on level 4 of the Dungeon)
  2518 | D:4      | Gained mutation: Your flesh is cold resistant. (rC+)
                  | [demonic ancestry]
  2518 | D:4      | Reached XP level 5. HP: 25/39 MP: 5/5
  2617 | D:4      | Found a stormy altar of Qazlal.
  2627 | D:4      | Reached skill level 1 in Stealth
  2984 | D:4      | Found a runed translucent door.
  2992 | D:4      | Noticed Nr616's ghost (amateur HuEE)
  2998 | D:4      | Noticed a phantom
  3024 | D:4      | Killed a phantom
  3024 | D:4      | Reached XP level 6. HP: 34/46 MP: 6/6
  3231 | D:4      | Noticed Grinder
  3294 | D:4      | Killed Grinder
  3396 | D:4      | Gained mutation: You have a moderately thin skeletal
                  | structure. (Dex +4, Stealth+) [demonic ancestry]
  3396 | D:4      | Reached XP level 7. HP: 50/52 MP: 7/7
  3622 | D:4      | Noticed Edmund
  3659 | D:4      | Killed Edmund
  3735 | D:5      | Entered Level 5 of the Dungeon
  3874 | D:5      | Found an ornate altar of the Wu Jian Council.
  3875 | D:5      | Found a hide-covered altar of Uskayaw.
  3876 | D:5      | Found a shimmering altar of Xom.
  3889 | D:5      | Found a shattered altar of Ashenzari.
  3889 | D:5      | Found a white marble altar of Elyvilon.
  3890 | D:5      | Found a blossoming altar of Fedhas.
  3911 | D:5      | Became a worshipper of Ashenzari the Shackled
  3960 | D:5      | Reached skill level 5 in Short Blades
  4009 | D:5      | Gained mutation: You tend to lose your temper in combat.
                  | [potion of mutation]
  4009 | D:5      | Gained mutation: Your muscles are strong. (Str +2) [potion
                  | of mutation]
  4009 | D:5      | Gained mutation: You can translocate small distances at
                  | will. [potion of mutation]
  4009 | D:5      | Gained mutation: You are somewhat resistant to further
                  | mutation. [potion of mutation]
  4010 | D:5      | Lost mutation: Your muscles are strong. (Str +2) [potion of
                  | mutation]
  4010 | D:5      | Lost mutation: You tend to lose your temper in combat.
                  | [potion of mutation]
  4010 | D:5      | Lost mutation: You can translocate small distances at will.
                  | [potion of mutation]
  4010 | D:5      | Gained mutation: You passively map a small area around you.
                  | [potion of mutation]
  4386 | D:6      | Reached XP level 8. HP: 56/58 MP: 8/8
  4646 | D:6      | Reached skill level 5 in Dodging
  5038 | D:6      | Reached * piety under Ashenzari
  5545 | D:7      | Found a radiant altar of Vehumet.
  5545 | D:7      | Noticed a tengu conjurer
  5546 | D:7      | Found an ancient bone altar of Kikubaaqudgha.
  5554 | D:7      | Found Jocsaqits's Food Shop.
  5661 | D:7      | Found a transporter.
  5666 | D:7      | Noticed a two-headed ogre
  5673 | D:7      | Found a transporter.
  5767 | D:7      | Found a staircase to the Ecumenical Temple.
  5796 | Temple   | Entered the Ecumenical Temple
  6114 | D:7      | Reached XP level 9. HP: 60/65 MP: 9/9
  6224 | D:7      | Reached skill level 5 in Armour
  6584 | D:8      | Found a runed translucent door.
  6584 | D:8      | Noticed Lanoc's ghost (novice TrCK)
  6601 | D:8      | Identified the +2 robe of the Big Bang {*Drain rN+ SInv}
  6690 | D:8      | Noticed Pikel
  6727 | D:8      | Killed Pikel
  7186 | D:9      | Noticed a two-headed ogre
  7211 | D:9      | Killed a two-headed ogre
  7343 | D:9      | Found an opulent altar of Gozag.
  7361 | D:9      | Found a glowing silver altar of Zin.
  7361 | D:9      | Found a burning altar of Makhleb.
  7362 | D:9      | Noticed a green death
  7362 | D:9      | Noticed an angel
  7402 | D:9      | Found a staircase to the Lair.
  7403 | D:9      | Noticed a komodo dragon
  7414 | D:9      | Identified the ring of the Rose {rF+ Dex+4}
  7435 | D:9      | Killed a komodo dragon
  7435 | D:9      | Reached skill level 5 in Fighting
  7481 | D:9      | Gained mutation: You have an unnaturally thin skeletal
                  | structure. (Dex +6, Stealth++) [demonic ancestry]
  7481 | D:9      | Reached XP level 10. HP: 74/74 MP: 10/10
  7930 | D:9      | Reached ** piety under Ashenzari
  8110 | Lair:1   | Entered Level 1 of the Lair of Beasts
  8114 | Lair:1   | Noticed a spiny frog
  8143 | Lair:1   | Killed a spiny frog
  8404 | Lair:1   | Noticed an eight-headed hydra
  8415 | Lair:1   | Killed an eight-headed hydra
  8415 | Lair:1   | Reached skill level 5 in Throwing
  8415 | Lair:1   | Reached skill level 5 in Stealth
  8900 | Lair:1   | Noticed a spiny frog
  8909 | Lair:1   | Killed a spiny frog
  8909 | Lair:1   | Gained mutation: You have sharp toenails. [demonic
                  | ancestry]
  8909 | Lair:1   | Reached XP level 11. HP: 79/81 MP: 11/11
  9021 | Lair:1   | Identified the ring of Ypethrosi {Fire rElec Str-2 Dex+4}
  9522 | Lair:2   | Noticed a five-headed hydra
  9538 | Lair:2   | Killed a five-headed hydra
  9653 | Lair:2   | Found a gate leading to a gauntlet.
  9891 | Gauntlet | Entered a Gauntlet
  9891 | Gauntlet | Found a transporter.
  9891 | Gauntlet | Noticed a sixfirhy
  9901 | Gauntlet | Found a transporter.
  9916 | Gauntlet | Found a transporter.
  9921 | Gauntlet | Found a transporter.
  9936 | Gauntlet | Found a transporter.
  9955 | Gauntlet | Found a transporter.
  9967 | Gauntlet | Found a transporter.
  9967 | Gauntlet | Noticed a death drake
  9975 | Gauntlet | Found a transporter.
  9975 | Gauntlet | Found a transporter.
  9975 | Gauntlet | Reached *** piety under Ashenzari
  9990 | Gauntlet | Noticed a death ooze
  9992 | Gauntlet | Found a transporter.
 10004 | Gauntlet | Found a transporter.
 10004 | Gauntlet | Noticed a catoblepas
 10016 | Gauntlet | Found a transporter.
 10016 | Gauntlet | Noticed a ghost crab
 10040 | Gauntlet | Found a transporter.
 10058 | Gauntlet | Found a transporter.
 10060 | Gauntlet | Found a transporter.
 10062 | Gauntlet | Found a runed translucent gate.
 10062 | Gauntlet | Found a runed translucent gate.
 10062 | Gauntlet | Found a runed translucent gate.
 10070 | Gauntlet | Found a large runed translucent door.
 10070 | Gauntlet | Found a large runed translucent door.
 10070 | Gauntlet | Found a large runed translucent door.
 10070 | Gauntlet | Found a large runed translucent door.
 10071 | Gauntlet | Found a large runed translucent door.
 10071 | Gauntlet | Found a large runed translucent door.
 10072 | Gauntlet | Found a large runed translucent door.
 10072 | Gauntlet | Found a large runed translucent door.
 10073 | Gauntlet | Found a large runed translucent door.
 10073 | Gauntlet | Found a large runed translucent door.
 10073 | Gauntlet | Found a runed translucent door.
 10073 | Gauntlet | Found a runed translucent door.
 10074 | Gauntlet | Found a large runed translucent door.
 10075 | Gauntlet | Found a large runed translucent door.
 10084 | Gauntlet | Found a large runed translucent door.
 10084 | Gauntlet | Found a large runed translucent door.
 10085 | Gauntlet | Found a large runed translucent door.
 10086 | Gauntlet | Found a large runed translucent door.
 10088 | Gauntlet | Found a transporter.
 10106 | Gauntlet | Found a transporter.
 10333 | Gauntlet | Killed a sixfirhy
 10371 | Gauntlet | Found a transporter.
 10839 | Gauntlet | Identified a scroll of acquirement
 11019 | Gauntlet | Noticed a minotaur
 11028 | Gauntlet | Killed a minotaur
 11215 | D:10     | Entered Level 10 of the Dungeon
 11713 | D:10     | Reached skill level 1 in Evocations
 12097 | D:10     | Gained mutation: You have razor-sharp toenails. [demonic
                  | ancestry]
 12097 | D:10     | Reached XP level 12. HP: 80/91 MP: 9/13
 12128 | D:10     | Reached skill level 1 in Spellcasting
 12240 | D:10     | Learned a level 3 spell: Regeneration
 12518 | D:10     | Noticed Nergalle
 12540 | D:10     | Killed Nergalle
 12970 | D:10     | Reached skill level 1 in Necromancy
 13201 | D:11     | Reached skill level 1 in Charms
 13503 | D:11     | Found an ancient bone altar of Kikubaaqudgha.
 13983 | D:11     | Reached **** piety under Ashenzari
 14014 | D:11     | Noticed a death knight
 14481 | Lair:2   | HP: 4/90 [poisoned by a spiny frog]
 14486 | Lair:2   | HP: 3/90 [poisoned by a spiny frog]
 14491 | Lair:2   | HP: 2/90 [poisoned by a spiny frog]
 14498 | Lair:2   | HP: 2/90 [poisoned by a spiny frog]
 14506 | Lair:2   | HP: 2/90 [poisoned by a spiny frog]
 15531 | Lair:3   | Reached skill level 10 in Dodging
 15736 | Lair:3   | Noticed a four-headed hydra
 15753 | Lair:3   | Killed a four-headed hydra
 15979 | Lair:3   | Found a blossoming altar of Fedhas.
 16240 | Lair:3   | Reached skill level 10 in Short Blades
 17032 | Lair:4   | Reached ***** piety under Ashenzari
 17077 | Lair:4   | Gained mutation: You are immune to freezing clouds.
                  | [demonic ancestry]
 17077 | Lair:4   | Reached XP level 13. HP: 83/97 MP: 15/17
 17174 | Lair:4   | Reached skill level 10 in Armour
 17489 | Lair:4   | Found a staircase to the Swamp.
 18802 | Lair:4   | Found a hole to the Spider Nest.
 19129 | Lair:5   | Found a staircase to the Slime Pits.
 20235 | Lair:5   | Identified the +6 scale mail "Laku" {rPois}
 21589 | Lair:6   | Entered Level 6 of the Lair of Beasts
 21589 | Lair:6   | Noticed Urug
 21650 | Lair:5   | Killed Urug
 21938 | Lair:5   | Reached skill level 5 in Necromancy
 22331 | Lair:6   | Noticed Snorg
 22347 | Lair:6   | Killed Snorg
 22427 | Lair:6   | Reached XP level 14. HP: 89/106 MP: 17/20
 22483 | Lair:6   | Noticed Kirke
 22955 | Lair:6   | Killed Kirke
 23894 | Lair:6   | Reached skill level 5 in Spellcasting
 24462 | Lair:6   | Reached skill level 5 in Charms
 25044 | Lair:6   | HP: 1/108 [drowned by a drowned soul[a merfolk avatar] (9)]
 26015 | D:11     | Mangled by a death knight

Levels and vault maps discovered:
D:1:      matt_arrival_los_fun, layout_basic
D:2:      wander_river, layout_loops_ring, uniq_crazy_yiuf_cottage
D:3:      layout_loops_ring, first_ration
D:4:      layout_loops_ring, lemuel_coloured_pillars_altar,
          ebering_ghost_sewer_d, uniq_edmund, uniq_grinder
D:5:      layout_rooms, grunt_temple_overflow_open, chequers_jeans
D:6:      layout_basic, serial_corexii_hall, corexii_hall_statues_deadend,
          chequers_hall_statues_y
D:7:      layout_basic, gammafunk_temple_overflow_arena,
          minmay_temple_entry_gardened_gates, serial_shops,
          nicolae_shop_temple_entry_statues_fountains
D:8:      layout_rooms, ebering_ghost_inner_flame, the_bakery,
          kennysheep_generic_room_16, uniq_pikel
D:9:      layout_irregular_city, grunt_temple_overflow_order_and_chaos_2,
          david_lair_shrubbed, basic_altar
D:10:     kennysheep_windowed_halls, layout_loops_ring, minmay_strange_pillars,
          uniq_nergalle
D:11:     layout_layer_cave, lemuel_hellish_altar
Temple:   minmay_temple_curvy_loop
Lair:1:   layout_regular_city, grunt_megastairs_2
Lair:2:   layout_cave_pods, gauntlet_entry_generic, beast_lair_carwin_4,
          grunt_megastairs_4
Lair:3:   layout_regular_city, portal_ice_cave_rime, tgw_fedhas
Lair:4:   layout_roguey, minmay_swamp_entry_swarm,
          nicolae_spider_entry_tight_spaces, infiniplex_staircase_pool_2
Lair:5:   layout_regular_city, minmay_slime_entry_pillars,
          minmay_lair_oklob_chamber
Lair:6:   gammafunk_lair_ancient_temple, layout_regular_city, st_stairs_5,
          serial_bayou_pond_d, fungi_pond_lemuel, uniq_snorg, uniq_urug,
          uniq_kirke
Gauntlet: gammafunk_gauntlet_one_two_three [gammafunk_gauntlet_arena_spirals,
          nicolae_gauntlet_arena_flowing_pool,
          minmay_gauntlet_arena_make_your_own_arena,
          gammafunk_gauntlet_arena_mazey, gammafunk_gauntlet_arena_chambers,
          gammafunk_gauntlet_arena_split_x, nicolae_gauntlet_arena_quarters,
          nicolae_gauntlet_swirl, gammafunk_gauntlet_arena_hedges,
          gauntlet_exit_hidden_loot]

Skill      XL: |  1  2  3  4  5  6  7  8  9 10 11 12 13 14 |
---------------+-------------------------------------------+-----
Short Blades   | 3 4 5 6 7 8 9 10 | 10.8
Dodging        | 3 4 5 6 8 9 10 11 | 11.8
Armour         | 1 2 3 4 6 7 8 9 10 11 | 11.5
Throwing       | 2 3 4 5 |  5.0
Stealth        | 1 2 3 4 5 |  5.0
Fighting       | 3 4 5 7 8 9 |  9.3
Evocations     | 1 3 |  3.0
Spellcasting   | 3 4 5 |  5.0
Necromancy     | 3 5 6 |  6.1
Charms         | 2 4 5 |  5.1

Action                   |  1- 3 |  4- 6 |  7- 9 | 10-12 | 13-15 || total
-------------------------+-------+-------+-------+-------+-------++-------
Melee: Rapier            |    16 |       |       |       |       ||    16
       Dagger            |    98 |   141 |   476 |  1763 |  1604 ||  4082
       Unarmed           |       |       |       |       |    25 ||    25
Throw: Throwing net      |       |     2 |       |       |     3 ||     5
       Tomahawk          |       |       |       |       |     1 ||     1
Invok: Curse Item        |       |       |     3 |       |       ||     3
Evoke: Wand              |       |       |     3 |     3 |     2 ||     8
  Use: Scroll            |     6 |     1 |    11 |    11 |     3 ||    32
       Potion            |       |     6 |     3 |     5 |    10 ||    24
 Stab: Sleeping          |     1 |    10 |       |       |       ||    11
       Distracted        |       |     1 |     5 |    21 |    18 ||    45
       Invisible         |       |       |       |     2 |     1 ||     3
  Eat: Chunk             |     3 |     5 |     6 |    24 |    21 ||    59
       Ration            |       |       |     2 |     2 |     3 ||     7
Armor: Leather armour    |    28 |    20 |     2 |       |       ||    50
       Crystal plate arm |       |       |   246 |   752 |  1103 ||  2101
Dodge: Dodged            |    65 |    65 |   117 |   546 |   920 ||  1713

Table legend:
 A = Non-vault XP
 B = Vault XP
 C = Vault XP percentage of total XP
 D = Non-vault monster count
 E = Vault monster count
 F = Vault count percentage of total count
                 A         B        C        D         E       F
            +---------+---------+-------+---------+---------+-------
      Total |   55707 |   29880 |  34.9 |     393 |      99 |  20.1
            +---------+---------+-------+---------+---------+-------
        D:1 |      32 |       0 |   0.0 |      22 |       0 |   0.0
        D:2 |      36 |      36 |  50.0 |      15 |       1 |   6.2
        D:3 |      48 |       0 |   0.0 |      14 |       0 |   0.0
        D:4 |     363 |     378 |  51.0 |      23 |       2 |   8.0
        D:5 |     464 |       0 |   0.0 |      19 |       0 |   0.0
        D:6 |     749 |       0 |   0.0 |      17 |       0 |   0.0
        D:7 |     980 |       0 |   0.0 |      15 |       0 |   0.0
        D:8 |     128 |     729 |  85.1 |       4 |       3 |  42.9
        D:9 |    2058 |     339 |  14.1 |      26 |       1 |   3.7
       D:10 |    2492 |    3700 |  59.8 |      32 |      20 |  38.5
       D:11 |    3871 |     254 |   6.2 |      35 |       1 |   2.8
     Lair:1 |    6020 |      99 |   1.6 |      27 |       1 |   3.6
     Lair:2 |    5037 |    1398 |  21.7 |      28 |       5 |  15.2
     Lair:3 |    5250 |    1108 |  17.4 |      20 |       3 |  13.0
     Lair:4 |    9692 |    2734 |  22.0 |      29 |      13 |  31.0
     Lair:5 |    9592 |    2407 |  20.1 |      35 |       8 |  18.6
     Lair:6 |    8895 |   13899 |  61.0 |      32 |      30 |  48.4
   Gauntlet |       0 |    2799 | 100.0 |       0 |      11 | 100.0
            +---------+---------+-------+---------+---------+-------
